 Dungeon Crawl Stone Soup version 0.31-a0-165-g3f4f80340b (webtiles) character file.

Game seed: 1345091291090701132

168 qw the Chopper (level 5, -6/32 HPs)
             Began as a Gargoyle Fighter on June 13, 2023.
             Mangled by Natasha (7 damage)
             ... on level 2 of the Dungeon.
             The game lasted 00:01:02 (2008 turns).

qw the Chopper (Gargoyle Fighter)                   Turns: 2008, Time: 00:01:02

Health: -6/32      AC:  0    Str: 21    XL:     5   Next: 48%
Magic:  5/5        EV: 13    Int:  9    God:
Gold:   160        SH:  0    Dex:  9    Spells: 4/4 levels left

rFire   . . .        Y - melded +0 war axe
rCold   . . .        c - melded +0 buckler
rNeg    + . .        b - melded +0 scale mail
rPois   inf          (helmet currently unavailable)
rElec   .            (cloak currently unavailable)
rCorr   .            (gloves currently unavailable)
SInv    .            (boots currently unavailable)
Will    .....        (no amulet)
Stlth   +            j - melded +4 ring of slaying {mikee}
HPRegen 0.25/turn    (ring currently unavailable)
MPRegen 0.09/turn

%: no passive effects
@: pig-form, very quick
A: fast, no casting, sickness immunity, AC +4, small, negative energy resistance
1, (electricity resistance), torment resistance 1, petrification resistance
a: no special abilities


You were on level 2 of the Dungeon.
You were a filthy swine.
You visited 1 branch of the dungeon, and saw 2 of its levels.

You collected 160 gold pieces.


Innate Abilities, Weirdness & Mutations

You are a filthy swine.
You move quickly.
Your equipment is almost entirely melded.
You are incapable of wielding weapons or throwing items.
You cannot cast spells.
You are immune to sickness and miasma.
((Your stone body is resilient. (AC +4)))
You are immune to poison.
You resist negative energy. (rN+)
((You are resistant to electric shocks. (rElec)))
You are resistant to unholy torment.
You are immune to petrification.


   Skills:
 + Level 3.2 Fighting
 - Level 5.0 Axes
 - Level 3.2 Armour
 - Level 3.2 Shields


You had 4 spell levels left.
You didn't know any spells.
Your spell library was empty.

Inventory:

Hand Weapons
 e - a +0 flail
 Y - a +0 war axe (melded)
Armour
 b - a +0 scale mail (melded)
 c - a +0 buckler (melded)
Jewellery
 j - a +4 ring of slaying (melded) {mikee}
Scrolls
 a - a scroll of enchant weapon {unknown}
 f - a scroll of identify {unknown}
Potions
 d - a potion of might
 g - a potion of heal wounds {unknown}
 h - a potion of degeneration {unknown}
 i - a potion of attraction {unknown}

Dungeon Overview and Level Annotations

Branches:
Dungeon (2/15)

Altars:

Annotations:
D:2 Natasha


Message History

You barely miss Natasha.
Natasha is lightly wounded.
Natasha claws you but does no damage.
Natasha wildly gestures.
You feel troubled. You block Natasha's attack.
You barely miss Natasha.
Natasha is lightly wounded.
Natasha zaps a wand.
You turn into a filthy swine.
Your +0 war axe melds into your body.
Your +0 buckler melds into your body.
Your +0 scale mail melds into your body.
Your +4 ring of slaying {mikee} melds into your body.
You closely miss Natasha.
Natasha is lightly wounded.
Natasha wildly gestures.
Natasha glows brightly for a moment.
Natasha claws you.
You closely miss Natasha.
Natasha is lightly wounded.
Natasha claws you!
You barely miss Natasha.
Natasha is lightly wounded.
Natasha wildly gestures.
You feel disoriented. Natasha misses you.
You hit Natasha but do no damage.
Natasha is lightly wounded.
You hit Natasha.
Natasha is lightly wounded.
Natasha claws you!
You hit Natasha.
Natasha is heavily wounded.
Natasha barely misses you.
You barely miss Natasha.
Natasha is heavily wounded.
Natasha claws you!
You hit Natasha.
Natasha is severely wounded.
Natasha claws you!
You die...

##.## #.# ##.##..# #..#
##...####.####.##..###.<#
###.#.#..........##........
#...........###...........#
#.#.#.#.............####.##
#.##.....#..###.########.#
#.###.#..#............##.#
#.# #.#..#.####.#####.##.#
#.# #.....h.<.#.# #!##.#
#.# ###.#.h##.#.# #.##.#
#.# #.).......# #.##.# #.#
###..##.#######.##.#
#.#######..#..........##.#
#..........#..##########.##
#########.##...............
#.##.########.##### #.##.#
#.#


You could see Natasha.

Vanquished Creatures
  Natasha (twice) (D:2)
  3 gnolls (D:2)
  3 adders (D:2)
  5 dart slugs
  6 endoplasms
  2 giant cockroaches
  2 hobgoblins (D:2)
  6 kobolds
  3 quokkas
  3 ball pythons (D:2)
  3 bats
  4 frilled lizards
  4 goblins
  12 rats
58 creatures vanquished.

Notes
Turn   | Place    | Note
-------+----------+-------------------------------------------
     0 | D:1      | qw the Gargoyle Fighter began the quest for the Orb.
     0 | D:1      | Reached XP level 1. HP: 14/14 MP: 1/1
     0 | D:1      | 0 ||| qw: Version: 0.2-a-29-gc1b59c4
     0 | D:1      | 0 ||| qw: Game counter: 4714
     0 | D:1      | 0 ||| qw: Always use a shield: true
     0 | D:1      | 0 ||| qw: God list: Okawaru
     0 | D:1      | 0 ||| qw: Allow faded altars: false
     0 | D:1      | 0 ||| qw: Do Orc after D:15 true
     0 | D:1      | 0 ||| qw: Do second Lair branch before Depths: true
     0 | D:1      | 0 ||| qw: Lair rune preference: random
     0 | D:1      | 0 ||| qw: Plans: Normal, Zot:1-4, Slime:5, God:TSO, Crypt,
                  | Tomb, Abyss, Pan, Hells, Win
     0 | D:1      | 0 ||| PLANNING D:1-11
    38 | D:1      | Reached skill level 2 in Axes
    38 | D:1      | 38 ||| Stepping ~*~*~tactically~*~*~ (hiding).
   193 | D:1      | Reached XP level 2. HP: 14/19 MP: 2/2
   239 | D:1      | 239 ||| DROPPING +0 club.
   465 | D:1      | 465 ||| Stepping ~*~*~tactically~*~*~ (hiding).
   470 | D:1      | Reached skill level 3 in Axes
   472 | D:1      | 472 ||| Stepping ~*~*~tactically~*~*~ (hiding).
   478 | D:1      | Reached XP level 3. HP: 23/23 MP: 3/3
   616 | D:1      | 616 ||| UPGRADING to +4 ring of slaying {mikee}.
   617 | D:1      | 617 ||| READING 3 scrolls labelled BITTEC GADO.
   618 | D:1      | 618 ||| READING scroll labelled JEPSUINK EMUCO.
   619 | D:1      | 619 ||| READING scroll labelled YJOYRUMAISS.
   620 | D:1      | 620 ||| READING scroll labelled EDAROKKAFORHI.
   621 | D:1      | 621 ||| READING scroll labelled CILEKO XUTOUQ.
   722 | D:1      | 722 ||| DRINKING 2 grey potions.
   723 | D:1      | 723 ||| DROPPING 2 scrolls of immolation.
   724 | D:1      | 724 ||| DROPPING potion of enlightenment.
   787 | D:2      | 787 ||| Stepping ~*~*~tactically~*~*~ (hiding).
   990 | D:2      | Found a faded altar of an unknown god.
  1188 | D:2      | Reached XP level 4. HP: 28/28 MP: 4/4
  1220 | D:2      | Noticed Natasha
  1228 | D:2      | Killed Natasha
  1229 | D:2      | Reached skill level 4 in Axes
  1345 | D:2      | 1345 ||| Stepping ~*~*~tactically~*~*~ (stealth).
  1346 | D:2      | 1346 ||| Stepping ~*~*~tactically~*~*~ (stealth).
  1413 | D:2      | 1413 ||| Stepping ~*~*~tactically~*~*~ (hiding).
  1423 | D:2      | Reached XP level 5. HP: 30/32 MP: 5/5
  1430 | D:2      | 1430 ||| DROPPING +0 mace.
  1440 | D:2      | 1440 ||| Stepping ~*~*~tactically~*~*~ (hiding).
  1441 | D:2      | 1441 ||| Stepping ~*~*~tactically~*~*~ (hiding).
  1716 | D:2      | 1716 ||| DROPPING +1 mace of draining.
  1862 | D:2      | Noticed Natasha
  1870 | D:2      | Killed Natasha
  1871 | D:2      | Reached skill level 5 in Axes
  1995 | D:2      | Noticed Natasha
  2007 | D:2      | HP: 1/32 [Natasha (8)]
  2008 | D:2      | Mangled by Natasha

Levels and vault maps discovered:
D:1:      wander_arrival_chamber, layout_rooms, minmay_gold_behind_fungi,
          minmay_unequal
D:2:      layout_loops_ring, hellmonk_ecumenical_altar_crossroads,
          minmay_rat_gold_closets, uniq_natasha

Skill      XL: |  1  2  3  4  5 |
---------------+----------------+-----
Axes           | 2 3 4 5 |  5.0
Fighting       | |  3.2
Armour         | |  3.2
Shields        | |  3.2

Action                     |  1- 3 |  4- 6 || total
---------------------------+-------+-------++-------
  Melee: War axe           |    84 |    59 ||   143
         Unarmed           |       |    13 ||    13
    Use: Scroll            |     5 |       ||     5
         Potion            |     1 |       ||     1
 Armour: Scale mail        |    37 |    33 ||    70
         Skin              |       |     2 ||     2
  Dodge: Dodged            |    27 |    26 ||    53
  Block: Buckler           |    19 |    19 ||    38

Table legend:
 A = Non-vault XP
 B = Vault XP
 C = Vault XP percentage of total XP
 D = Non-vault monster count
 E = Vault monster count
 F = Vault count percentage of total count
                 A         B        C        D         E       F
            +---------+---------+-------+---------+---------+-------
      Total |     193 |      47 |  19.6 |      47 |      11 |  19.0
            +---------+---------+-------+---------+---------+-------
        D:1 |      29 |       6 |  17.1 |      15 |       4 |  21.1
        D:2 |     164 |      41 |  20.0 |      32 |       7 |  17.9
            +---------+---------+-------+---------+---------+-------
